 Dungeon Crawl Stone Soup version 0.17-a0-854-g4a4ba72 (webtiles) character file.

271 sugabear the Shield-Bearer (level 6, -2/38 HPs)
             Began as a Gargoyle Fighter on Apr 29, 2015.
             Was an Initiate of Fedhas.
             Slain by an ogre
             ... wielding a +0 giant club
              (13 damage)
             ... on level 3 of the Dungeon.
             The game lasted 00:05:06 (2913 turns).

sugabear the Shield-Bearer (Gargoyle Fighter)       Turns: 2913, Time: 00:05:06

Health: -2/38      AC: 11    Str: 21    XL:     6   Next: 23%
Magic:  6/6        EV:  8    Int:  9    God:    Fedhas [......]
Gold:   69         SH:  9    Dex:  9    Spells: 0 memorised, 5 levels left

rFire  . . .     SeeInvis .     a - +0 war axe
rCold  . . .     Clarity  .     b - +0 scale mail
rNeg   + . .     SustAb   .     c - +0 shield
rPois  ∞         Gourm    .     (no helmet)
rElec  +         Spirit   .     (no cloak)
rCorr  .         Warding  .     (no gloves)
rMut   .         Stasis   .     (no boots)
MR     .....                    (no amulet)
Stlth  ..........               (no ring)
                                (no ring)

@: not resistant to hostile enchantments, extremely unstealthy
A: negative energy resistance 1, electricity resistance, unbreathing,
petrification resistance, rot immunity, AC +4
a: Renounce Religion


You were on level 3 of the Dungeon.
You worshipped Fedhas.
Fedhas was noncommittal.
You were very hungry.

You visited 2 branches of the dungeon, and saw 5 of its levels.

You collected 271 gold pieces.
You spent 202 gold pieces at shops.

Inventory:

Hand weapons
 a - a +0 war axe (weapon)
Armour
 b - a +0 scale mail (worn)
 c - a +0 shield (worn)
 r - a cursed +0 plate armour
Jewellery
 m - an uncursed amulet of regeneration {unknown}
 o - an uncursed ring of sustain abilities {unknown}
 x - an uncursed ring of positive energy {unknown}
 B - an uncursed ring of poison resistance {unknown}
Scrolls
 f - a scroll of noise {unknown}
 i - a scroll of enchant armour {unknown}
 k - 3 scrolls of immolation {unknown}
 l - 2 scrolls of amnesia {unknown}
 n - 5 scrolls of identify {unknown}
 p - a scroll of teleportation {unknown}
 u - a scroll of fog {unknown}
 v - a scroll of summoning {unknown}
 y - a scroll of remove curse {unknown}
Potions
 d - 2 potions of might
 h - a potion of ambrosia {unknown}
 j - a potion of heal wounds {unknown}
 q - 2 potions of haste {unknown}
 t - a potion of curing {unknown}
 w - 2 potions of brilliance {unknown}
 A - a potion of magic {unknown}
Comestibles
 e - 5 bread rations
 g - 3 meat rations
 s - 2 beef jerkies


   Skills:
 + Level 4.0 Fighting
 + Level 3.0 Axes
 + Level 4.2 Armour
 + Level 1.9 Dodging
 + Level 0.8 Stealth
 + Level 4.7 Shields


You had 5 spell levels left.
You didn't know any spells.

Dungeon Overview and Level Annotations

Branches:
Dungeon (4/15)             Temple (1/1) D:4

Altars:
Cheibriados
Dithmenos
Elyvilon
Fedhas
Gozag
Kikubaaqudgha
Makhleb
Nemelex Xobeh
Okawaru
Qazlal
Ru
Trog
Vehumet
Yredelemnul
Zin

Shops:
D:4 *


Innate Abilities, Weirdness & Mutations

You are resistant to torment.
Your stone body is resilient (AC +4).
You are immune to poison.
You resist negative energy.
You are resistant to electric shocks.
You can survive without breathing.
You are immune to petrification.
You are immune to rotting.


Message History

You are feeling very hungry.
You start resting.
A rat comes into view.
A rat is nearby!
You climb upwards.
You block the ogre's attack.
There is a stone staircase leading down here.
Your shield prevents you from hitting the ogre.
The ogre hits you with a giant club!!
Ouch! That really hurt!
* * * LOW HITPOINT WARNING * * *
You are too injured to fight recklessly!
You are too injured to fight recklessly!
You are too injured to fight recklessly!
You are too injured to fight recklessly!
You are too injured to fight recklessly!
You hit the ogre.
The ogre is lightly wounded.
The ogre hits you with a giant club!
You die...
Fedhas appreciates your contribution to the ecosystem.

#......# ##### #......# #...#
#......# ####...# #......# ####
#......# #.....)########
...######.##...####..###.........
..........##...#...######.######.
.....########.##O#.#...........#.
......# #.##@#.#.####.####.#.
.....## #.##...#.#.......#.#.
....## #.#...)#.#.##.##.#.#.
...## #####.....(#.#.#...#.#.#.
..## ###.......#........_.......
#..####...###...#.##.#.#...#.#.##
.......[..##..#...##.#.##[##.#.#
.....###[O##.##..###.#^......#.#
......#....#.#...# #.####.####.#


You could see an ogre.

Vanquished Creatures
  An ogre (D:4)
  A hound (D:4)
  7 adders
  A worm (D:2)
  2 giant geckos (D:2)
  3 orcs (D:3)
  11 bats
  5 giant cockroaches
  9 goblins
  13 hobgoblins
  4 jackals (D:2)
  7 kobolds
  A quokka (D:2)
  8 ball pythons (D:3)
  3 giant newts (D:2)
  A quokka skeleton (D:4)
  7 rats
  A fungus (D:3)
85 creatures vanquished.

Vanquished Creatures (others)
  8 toadstools (D:4)
8 creatures vanquished.

Grand Total: 93 creatures vanquished

Notes
Turn   | Place    | Note
--------------------------------------------------------------
     0 | D:1      | sugabear, the Gargoyle Fighter, began the quest for the Orb.
     0 | D:1      | Reached XP level 1. HP: 14/14 MP: 1/1
   187 | D:1      | Reached XP level 2. HP: 17/19 MP: 2/2
   625 | D:2      | Reached XP level 3. HP: 21/23 MP: 3/3
   670 | D:2      | Reached skill level 4 in Shields
   796 | D:2      | Reached XP level 4. HP: 26/28 MP: 4/4
   926 | D:2      | Found a white marble altar of Elyvilon.
  1207 | D:3      | Reached skill level 1 in Dodging
  1484 | D:3      | Found a sacrificial altar of Ru.
  1592 | D:3      | Reached XP level 5. HP: 33/33 MP: 5/5
  1883 | D:4      | Found Ruviunod's Assorted Antiques.
  1890 | D:4      | Bought a scroll labeled JUR IHUNNUGG for 23 gold pieces
  1890 | D:4      | Bought 2 amethyst potions for 41 gold pieces
  1890 | D:4      | Bought a sapphire ring for 115 gold pieces
  1890 | D:4      | Bought a scroll labeled BYSTRE WUS POM for 23 gold pieces
  1939 | D:4      | Found a staircase to the Ecumenical Temple.
  1953 | Temple   | Entered the Ecumenical Temple
  2156 | Temple   | Became a worshipper of Fedhas Madash
  2199 | D:4      | Noticed an ogre
  2209 | D:4      | Killed an ogre
  2209 | D:4      | Reached XP level 6. HP: 25/38 MP: 6/6
  2216 | D:4      | Found an ancient bone altar of Kikubaaqudgha.
  2624 | D:4      | Noticed an ogre
  2629 | D:4      | HP: 1/38 [ogre/giant club (15)]
  2913 | D:3      | Slain by an ogre

Action                   |  1- 3 |  4- 6 || total
-------------------------+-------+-------++-------
Melee: War axe           |   145 |   201 ||   346
  Eat: Chunk             |       |     6 ||     6
